 Dungeon Crawl Stone Soup version 0.30-a0-368-g86fb4627a9 (webtiles) character file.

Game seed: 14293415802685448997

1839 oldriver the Thaumaturge (level 8, -5/58 HPs)
             Began as a Mummy Necromancer on Nov 19, 2022.
             Was a Believer of Hepliaklqana.
             Engulfed by a steam dragon's steam (18 damage)
             ... on level 7 of the Dungeon.
             The game lasted 00:11:49 (7695 turns).

oldriver the Thaumaturge (Mummy Necromancer)        Turns: 7695, Time: 00:11:50

Health: -5/58      AC:  7    Str: 13    XL:     8   Next: 87%
Magic:  11/20      EV: 17    Int: 16    God:    Hepliaklqana [**....]
Gold:   345        SH:  0    Dex: 22    Spells: 6/24 levels left

rFire   x . .      SeeInvis .    i - +0 short sword
rCold   + . .      Faith    +    (no shield)
rNeg    + + +      Spirit   .    g - +1 leather armour "Gychur" {rN+ Str+2 Dex+3}
rPois   ∞          Reflect  .    (no helmet)
rElec   .          Harm     .    (no cloak)
rCorr   .          Rampage  .    s - +2 pair of gloves
Will    +....                    (no boots)
Stlth   +++.......               l - amulet of regeneration
HPRegen 1.09/turn                e - +6 ring of dexterity
MPRegen 0.17/turn                o - +4 ring of evasion

@: very slightly contaminated
A: reduced essence, cold resistance 1, negative energy resistance 3, torment
resistance 2, heat vulnerability 1, in touch with death 1, no potions, faith
a: Renounce Religion, Recall Ancestor, Ancestor Identity


You were on level 7 of the Dungeon.
You worshipped Hepliaklqana.
Hepliaklqana was pleased with you.
You visited 2 branches of the dungeon, and saw 8 of its levels.
You also visited: Sewer.

You collected 345 gold pieces.

Inventory:

Hand Weapons
 i - a +0 short sword (weapon)
Armour
 g - the +1 leather armour "Gychur" (worn) {rN+ Str+2 Dex+3}
   (You found it on level 2 of the Dungeon)

   Str:       It affects your strength (+2).
   Dex:       It affects your dexterity (+3).
   rN:        It protects you from negative energy.
 s - a +2 pair of gloves (worn)
Jewellery
 e - a +6 ring of dexterity (left hand)
 l - an amulet of regeneration (around neck)
 o - a +4 ring of evasion (right hand)
Wands
 h - a wand of roots (10)
 j - a wand of polymorph (13)
 m - a wand of mindburst (16)
 q - a wand of charming (8)
Scrolls
 a - 2 scrolls of magic mapping
 b - 2 scrolls of blinking
 c - 2 scrolls of vulnerability
 d - 2 scrolls of fog
 f - 2 scrolls of brand weapon
 n - 2 scrolls of enchant weapon
 r - a scroll of immolation {unknown}
 t - a scroll of summoning {unknown}
 u - 2 scrolls of teleportation
 v - a scroll of fear


   Skills:
 + Level 6.7 Fighting
 + Level 2.6 Armour
 - Level 3.0 Dodging
 - Level 3.0 Stealth
 + Level 8.6 Spellcasting
 - Level 4.0 Necromancy
 + Level 2.0 Fire Magic


You had 6 spell levels left.
You knew the following spells:

 Your Spells              Type           Power      Damage    Failure   Level
a - Necrotise             Necr           100%       1d9       2%          1
b - Vampiric Draining     Necr           29%        2d8       8%          3
c - Animate Dead          Necr           29%        N/A       26%         4
d - Blink                 Tloc           12%        N/A       21%         2
e - Flame Wave            Conj/Fire      10%        2d6       65%         4
f - Sticky Flame          Conj/Fire      10%        2d3       65%         4

Your spell library contained the following spells:

 Spells                   Type           Power      Damage    Failure   Level
 Ensorcelled Hibernation  Hex/Ice        12%        N/A       21%         2
 Momentum Strike          Conj/Tloc      12%        3d8       21%         2
 Passwall                 Tmut/Erth      5%         N/A       21%         2
 Inner Flame              Hex/Fire       10%        N/A       26%         3
 Lesser Beckoning         Tloc           12%        N/A       38%         3
 Swiftness                Air            6%         N/A       38%         3
 Agony                    Necr           29%        N/A       58%         5


Dungeon Overview and Level Annotations

Branches:
Dungeon (7/15)             Temple (1/1) D:4           Sewer (visited)

Altars:
Cheibriados
Fedhas
Hepliaklqana
Kikubaaqudgha
Makhleb
Nemelex Xobeh
Okawaru
Ru
Sif Muna
Trog
Uskayaw
Vehumet
Wu Jian
Xom
Yredelemnul

Shops:
D:4 [   D:7 :(


Innate Abilities, Weirdness & Mutations

Your life essence is reduced to manifest your ancestor. (-10% HP)
You are immune to poison.
Your flesh is cold resistant. (rC+)
You are immune to negative energy. (rN+++)
You are immune to unholy pain and torment.
You are vulnerable to heat. (rF-)
You are in touch with the powers of death.
You do not drink.
You have a special connection with the divine. (Faith)


Message History

The steam dragon scales are intact enough to wear.
The ball of steam hits Jaydra!
Jaydra resists.
Jaydra is destroyed!
The ball of steam hits you!! The steam scalds you terribly!
Your Fire Magic skill increases to level 2!
You are engulfed in a cloud of scalding steam.
The steam dragon misses you. x2
Casting: Necrotise (safe; 2% risk of failure)
Confirm with . or Enter, or press ? or * to list all spells.
Aiming: Vampiric Draining (dangerous; 8% risk of failure)
Press: ? - help, Shift-Dir - straight line, f - steam dragon
Aim: a steam dragon (steam, catching its breath)
You feel a surge of power!
You miscast Vampiric Draining.
You are very lightly contaminated with residual magic.
Nothing appears to happen.
You are engulfed in a cloud of scalding steam.
The steam dragon barely misses you.
The steam dragon claws you but does no damage.
Casting: Vampiric Draining (dangerous; 8% risk of failure)
Confirm with . or Enter, or press ? or * to list all spells.
Aiming: Vampiric Draining (dangerous; 8% risk of failure)
Press: ? - help, Shift-Dir - straight line, f/p - steam dragon
Aim: a steam dragon (steam)
You feel a surge of power!
You draw life force from the steam dragon.
You feel life coursing into your body. The steam dragon breathes steam at you.
The ball of steam hits you!! The steam scalds you terribly!
* * * LOW HITPOINT WARNING * * *
Casting: Vampiric Draining (dangerous; 8% risk of failure)
Confirm with . or Enter, or press ? or * to list all spells.
Aiming: Vampiric Draining (dangerous; 8% risk of failure)
Press: ? - help, Shift-Dir - straight line, f/p - steam dragon
Aim: a steam dragon (steam, lightly wounded, catching its breath)
You feel a surge of power!
You draw life force from the steam dragon!
You feel life coursing into your body.
You are engulfed in a cloud of scalding steam.
You die...

#............
#.........(.#
............
#..........
#..§$....#
#..§.$...#
##..##...#
###..[#...#
#....D@§§##
....####...##
..# #....##
... .
##.§§..# #...
.. #...§#>...
#..# ..
#...###...
..# #. #..##
#... ..# #.##
##..# ... .#
#..###..##


You could see a steam dragon (catching breath).

Vanquished Creatures
  An orc warrior (D:5)
  A black bear (D:6)
  3 ogres
  A centaur (D:6)
  A kobold brigand (D:7)
  A necrophage (D:4)
  2 scorpions
  An orc priest (D:5)
  3 hounds
  5 jellies
  An iguana (D:5)
  4 orc wizards
  4 gnolls
  11 adders
  3 river rats (Sewer)
  A white imp (D:6)
  An ufetubus (D:6)
  2 worms
  2 dart slugs
  18 orcs
  9 ball pythons
  2 bats (D:2)
  8 endoplasms
  2 giant cockroaches (D:4)
  4 goblins
  8 hobgoblins
  9 jackals
  A quokka (D:5)
  5 frilled lizards
  14 kobolds
  10 rats
  A spectral hobgoblin (D:5)
139 creatures vanquished.

Vanquished Creatures (collateral kills)
  A black bear (D:6)
  A phantom (D:7)
  3 wights (D:7)
  A shadow imp (D:7)
  2 bats (D:1)
  A rat (Sewer)
9 creatures vanquished.

Vanquished Creatures (others)
  A steam dragon (D:7)
  A battlemage (D:7)
2 creatures vanquished.

Grand Total: 150 creatures vanquished

Notes
Turn   | Place    | Note
-------+----------+-------------------------------------------
     0 | D:1      | oldriver the Mummy Necromancer began the quest for the Orb.
     0 | D:1      | Reached XP level 1. HP: 13/13 MP: 4/4
   123 | D:1      | Reached skill level 3 in Spellcasting
   167 | D:1      | Reached skill level 1 in Fighting
   215 | D:1      | Reached XP level 2. HP: 21/21 MP: 0/6
   767 | D:2      | Identified the +1 leather armour "Gychur" {rN+ Str+2 Dex+3}
   822 | D:2      | Gained mutation: You are in touch with the powers of death.
                  | [Mummy growth]
   822 | D:2      | Reached XP level 3. HP: 19/27 MP: 0/8
  1042 | D:2      | Reached skill level 4 in Spellcasting
  1102 | D:2      | Learned a level 3 spell: Vampiric Draining
  1136 | D:2      | Reached XP level 4. HP: 34/34 MP: 6/10
  1217 | D:2      | Found a faded altar of an unknown god.
  2304 | D:3      | Reached XP level 5. HP: 41/41 MP: 7/12
  2366 | D:3      | Reached skill level 5 in Spellcasting
  2745 | D:3      | Reached XP level 6. HP: 48/48 MP: 8/14
  3099 | D:3      | Learned a level 4 spell: Animate Dead
  3187 | D:4      | Found Ucyarphu's Armour Boutique.
  3382 | D:4      | Reached skill level 6 in Spellcasting
  3518 | D:4      | Found a staircase to the Ecumenical Temple.
  3588 | Temple   | Entered the Ecumenical Temple
  4381 | D:5      | Entered Level 5 of the Dungeon
  4587 | D:5      | Found a bloodstained altar of Trog.
  4668 | D:5      | Noticed an orc warrior
  4682 | D:5      | Killed an orc warrior
  4683 | D:5      | Reached skill level 5 in Fighting
  4683 | D:5      | Reached XP level 7. HP: 56/56 MP: 7/17
  4685 | D:5      | Reached skill level 7 in Spellcasting
  4879 | D:5      | Found a hazy altar of Hepliaklqana.
  4900 | D:5      | Became a worshipper of Hepliaklqana the Forgotten
  5785 | D:6      | Reached skill level 1 in Armour
  6018 | D:6      | Reached * piety under Hepliaklqana
  6144 | D:6      | Reached XP level 8. HP: 54/57 MP: 14/19
  6400 | D:6      | Found a glowing drain.
  6411 | Sewer    | Entered a sewer
  6421 | Sewer    | Learned a level 2 spell: Blink
  6426 | Sewer    | Learned a level 4 spell: Flame Wave
  6431 | Sewer    | Learned a level 4 spell: Sticky Flame
  6869 | D:6      | Reached skill level 8 in Spellcasting
  6910 | D:6      | Found a radiant altar of Vehumet.
  7106 | D:6      | Reached skill level 1 in Fire Magic
  7547 | D:7      | Reached ** piety under Hepliaklqana
  7548 | D:7      | Remembered your ancestor Jaydra as a battlemage
  7559 | D:7      | Found Ifen's Book Emporium.
  7622 | D:7      | Found Atsoal's Antique Weapon Emporium.
  7695 | D:7      | Engulfed by a steam dragon's steam

Illustrated notes

Levels and vault maps discovered:
D:1:      shiori_shiawase, layout_rooms, kennysheep_decorative_pillar
D:2:      layout_basic, shapermc_ecumenical_altar_starsandcircs,
          minmay_splitting_lines, kennysheep_generic_room_8
D:3:      layout_loops_ring
D:4:      minmay_opposing_rooms, layout_cave_pods, minmay_temple_entry_junction,
          serial_shops, nicolae_inconvenience_store
D:5:      layout_gridville, nicolae_hepliaklqana_monster_ancestors,
          trog_butcher_becter, kennysheep_cross_room, chequers_mini_garden,
          minivault_19, minivault_24, chequers_avenue
D:6:      layout_loops_cross, kennysheep_mini_moat, portal_sewer_entry_d,
          kennysheep_flooded_box, minmay_pentangle
D:7:      layout_layer_cave, serial_shops, nicolae_take_the_stairs,
          nicolae_stop_n_shop_2, kennysheep_small_square
Temple:   hellmonk_temple_two_chambers

Skill      XL: |  1  2  3  4  5  6  7  8 |
---------------+-------------------------+-----
Spellcasting   | 3 4 5 6 7 8 |  8.6
Fighting       | 1 2 3 4 5 6 |  6.7
Stealth        | 2 3 |  3.0
Armour         | 1 2 |  2.6
Dodging        | 2 3 |  3.0
Fire Magic     | 2 |  2.0
Necromancy     | |  4.0

Action                   |  1- 3 |  4- 6 |  7- 9 || total
-------------------------+-------+-------+-------++-------
Melee: Unarmed           |    21 |     7 |    87 ||   115
       Short sword       |       |       |    31 ||    31
       Punch             |       |       |     2 ||     2
 Cast: Necrotise         |    57 |   144 |   117 ||   318
       Vampiric Draining |       |     1 |    14 ||    15
Invok: Ancestor Life: Ba |       |       |     1 ||     1
  Use: Scroll            |       |       |    12 ||    12
 Stab: Sleeping          |       |       |     1 ||     1
Armor: Robe              |    14 |       |       ||    14
       Leather armour    |    13 |    13 |    33 ||    59
Dodge: Dodged            |    56 |    43 |   117 ||   216

Table legend: (Time is in decaauts)
 A = Elapsed time spent in this place.
 B = Non-inter-level travel time spent in this place.
 C = Inter-level travel time spent in this place.
 D = Time resting spent in this place.
 E = Time spent auto-exploring this place.
 F = Levels seen in this place.
 G = Mean time per level.
                   A        B        C        D        E       F      G
               +--------+--------+--------+--------+--------+-----+--------+
         Total |   7736 |   7608 |    128 |    340 |   5952 |   9 |  859.6 |
       Dungeon |   7277 |   7149 |    128 |    340 |   5646 |   7 | 1039.6 |
        Temple |     17 |     17 |      0 |      0 |     10 |   1 |   17.0 |
         Sewer |    441 |    441 |      0 |      0 |    295 |   1 |  441.0 |
               +--------+--------+--------+--------+--------+-----+--------+

Top non-repeatable levels by time:
     D:2: 1364 daAuts
     D:4: 1315 daAuts
     D:6: 1282 daAuts
     D:5: 1234 daAuts
     D:3: 989 daAuts
     D:1: 761 daAuts
   Sewer: 441 daAuts
     D:7: 329 daAuts
  Temple: 17 daAuts
